[Event "*** Titled Tuesday Blitz"]
[Site "Chess.com"]
[Date "2018.09.04"]
[Round "2"]
[White "JammyDodger91"]
[Black "Mikhail_Golubev"]
[Result "0-1"]
[WhiteElo "2395"]
[BlackElo "2423"]
[TimeControl "180+2"]
[EndTime "13:56:52 PDT"]
[Termination "Mikhail_Golubev won by resignation"]

1. e4 c5 2. Nf3 d6 3. d4 cxd4 4. Nxd4 Nf6 5. Nc3 g6 6. Be3 Bg7 7. f3 a6 8. Qd2 Nbd7 9. O-O-O b5 10. g4 Bb7 11. h4 b4 12. Na4 Qa5 13. b3 Nc5 14. a3 Nxa4 15. axb4 Qc7 16. bxa4 O-O 17. Bd3 h5 18. gxh5 Nxh5 19. Rhg1 Rfc8 20. Rg5 Qc3 21. Qxc3 Rxc3 22. Nb3 Bc6 23. Bd4 Bxa4 24. Bxc3 Bxc3 25. Rdg1 Bxb3 26. cxb3 Kf8 27. Bc4 Bxb4 28. Kc2 Bc5 29.
Ra1 a5 30. e5 dxe5 31. Rxe5 Bb4 32. Rb5 Rc8 33. Raxa5 Bxa5 34. Rxa5 Ng3 35. Kc3 Nf5 36. h5 Nd6 37. hxg6 fxg6 38. Kd4 Kg7 39. Bd5 Rc1 40. b4 Rd1+ 41. Kc5 Rc1+ 42. Kb6 Rb1 43. b5 Kf6 44. Bc6 Nc4+ 45. Ka6 Nxa5 46. Kxa5 Ke5 47. b6 Kd6 48. Bb5 Ra1+ 49. Ba4 Rb1 50. Bb5 Kc5 51. Ba4 0-1

[Event "*** Titled Tuesday Blitz"]
[Site "Chess.com"]
[Date "2018.09.04"]
[Round "2"]
[White "Marcus_Harvey"]
[Black "ChessicallyInclined"]
[Result "0-1"]
[WhiteElo "2693"]
[BlackElo "2358"]
[TimeControl "180+2"]
[EndTime "13:56:55 PDT"]
[Termination "ChessicallyInclined won on time"]

1. Nf3 d5 2. b3 e6 3. Bb2 Nf6 4.
e3 Be7 5. Be2 O-O 6. O-O c5 7. c4 Nc6 8. cxd5 Nxd5 9. Nc3 Bf6 10.
Qc1 Nxc3 11. Bxc3 Bxc3 12. Qxc3 Qe7 13. Rac1 b6 14. d4 Nb4 15. Qb2 cxd4 16. Nxd4 Bb7 17.
a3 Nd5 18. Bf3 Rac8 19. Rxc8 Rxc8 20. Rc1 Rxc1+ 21. Qxc1 h6 22. b4 a5 23. bxa5 bxa5 24. Qb2 g6 25. h3 h5 26. g3 h4 27. g4 e5 28. Ne2 Bc6 29. Qb8+ Kg7 30. Qc8 Bb7 31. Qb8 e4 32. Bg2 Bc6 33. Nd4 Bd7 34.
Qa7 a4 35. Bxe4 Qxe4 36. Qxd7 Nxe3 37. fxe3 Qxe3+ 38. Kf1 Qxh3+ 39. Ke2 Qxa3 40. g5 Qb2+ 41. Kf3 Qc3+ 42. Ke4 Qe1+ 43. Kd5 a3 44. Qd6 a2 45. Qf6+ Kg8 46. Qd8+ Kh7 47. Qf6 Qh1+ 48. Ke5 Qb7 49. Nc2 Qb2+ 50. Kf4 Qxf6+ 51. gxf6 g5+ 52. Kxg5 h3 0-1

[Event "*** Titled Tuesday Blitz"]
[Site "Chess.com"]
[Date "2018.09.04"]
[Round "2"]
[White "Justmig"]
[Black "Alexander_Moskalenko"]
[Result "1-0"]
[WhiteElo "2635"]
[BlackElo "2808"]
[TimeControl "180+2"]
[EndTime "13:56:58 PDT"]
[Termination "Justmig won by resignation"]

1. e4 c5 2. Nf3 d6 3. Bb5+ Nc6 4.
O-O Bd7 5. Re1 Nf6 6. c3 a6 7. Ba4 b5 8. Bc2 e5 9. h3 Be7 10. d4 O-O 11. d5 Na5 12. Nxe5 Qc7 13. Nxd7 Nxd7 14. Nd2 Bg5 15. Nf1 Bxc1 16. Qxc1 Nc4 17. Ne3 Nxe3 18. Qxe3 Rae8 19. Qg3 Re7 20. Qh4 Ne5 21.
f4 Ng6 22. Qg3 c4 23. b4 f6 24. h4 Nh8 25. a4 Nf7 26. axb5 axb5 27. Ra5 Qb7 28. Rea1 Rfe8 29. Qf2 Qc7 30. Rxb5 f5 31. Qb6 Qxb6+ 32. Rxb6 fxe4 33. Rc6 e3 34. Rxc4 Nh6 35.
Re1 e2 36. Ba4 Ra8 37. b5 Nf5 38. b6 Rb8 39. Bc2 Ne3 40. Rxe2 Nxc4 41. Rxe7 Nxb6 42.
Be4 Na4 43. Bf5 Nxc3 44. Be6+ Kh8 45. Rd7 Ne4 46. Bf5 Ng3 47. Bd3 g6 48. Rxd6 Rb3 49.
Bc4 Rb1+ 50. Kh2 Nf5 51. Rd8+ Kg7 52. d6 Rd1 53. d7 Kf6 54. Rf8+ Ke7 55. Rf7+ Kd8 56. Rxh7 Rd4 57. Be6 Ne7 58. Rh8+ Kc7 59. Rc8+ Kb7 60. d8=Q Rxd8 61. Rxd8 1-0

[Event "*** Titled Tuesday Blitz"]
[Site "Chess.com"]
[Date "2018.09.04"]
[Round "2"]
[White "wadsy27"]
[Black "Bryakin_Mikhail"]
[Result "0-1"]
[WhiteElo "2320"]
[BlackElo "2526"]
[TimeControl "180+2"]
[EndTime "13:57:01 PDT"]
[Termination "Bryakin_Mikhail won by resignation"]

1. c4 c6 2. g3 d5 3. Nf3 Nf6 4. Bg2 Bf5 5. cxd5 cxd5 6. Qb3 Qb6 7. Nc3 e6 8. d3 Nc6 9. Be3 Qxb3 10. axb3 Be7 11.
O-O h6 12. Nb5 O-O 13. Nxa7 Nxa7 14. Bxa7 Rfc8 15. Nd4 Bh7 16. Bb6 Nd7 17. Ba5 Ra6 18. Bc3 Rca8 19. Rac1 Ra2 20. Rfd1 Nc5 21. f4 Bf6 22.
Nb5 Nxb3 23. Rc2 Rc8 24. e4 d4 25. e5 dxc3 26. Bxb7 Rb8 27. Rxc3 Be7 28. Bc6 Nc5 29. d4 Ne4 30. Rb3 f5 31. d5 exd5 32. Rxd5 Kh8 33.
Rd7 Bc5+ 34. Kg2 Bg8 35. Bd5 Bxd5 36. Rxd5 Be7 37. e6 Nd6 38. Rxd6 Bxd6 39. Nxd6 Rxb3 40. e7 Raxb2+ 41. Kh3 Re3 42. e8=Q+ Rxe8 43. Nxe8 Kh7 44. Nd6 Kg6 45. Nc4 Ra2 46. Ne5+ Kf6 47. Nd7+ Ke7 48.
Ne5 Ke6 49. Ng6 Kf6 50. Ne5 g5 51. fxg5+ Kxe5 52. gxh6 Ra6 0-1

[Event "*** Titled Tuesday Blitz"]
[Site "Chess.com"]
[Date "2018.09.04"]
[Round "2"]
[White "tony15051987"]
[Black "MFguimaraes"]
[Result "1-0"]
[WhiteElo "2453"]
[BlackElo "2302"]
[TimeControl "180+2"]
[EndTime "13:57:02 PDT"]
[Termination "tony15051987 won by resignation"]

1. d4 d5 2. c4 c6 3. Nc3 dxc4 4. e4 b5 5. a4 b4 6. Nb1 e6 7. Bxc4 Nf6 8. e5 Nd5 9. Nf3 Be7 10. O-O O-O 11.
Nbd2 c5 12. dxc5 Bxc5 13. Ne4 Be7 14. Bg5 Ba6 15. Bxa6 Nxa6 16. Bxe7 Qxe7 17. Nd6 f6 18. Re1 fxe5 19. Nc4 Rf4 20. Ncxe5 Raf8 21. Rc1 Nc5 22.
Rxc5 Qxc5 23. Nd7 Qd6 24. Nxf8 Rxf8 25. g3 h6 26. Nd4 Rf6 27. Qg4 Nf4 28. Re4 h5 29.
Qh4 g5 30. Qxg5+ Rg6 31. Qxf4 Qxf4 32. Rxf4 e5 33. Re4 exd4 34. Rxd4 a5 35. Rd5 h4 36. Rxa5 Rc6 37. Kg2 hxg3 38. hxg3 Rc2 39. Rb5 Rxb2 40.
a5 Ra2 41. a6 Rxa6 42. Rxb4 Kg7 43. Rb5 Kg6 44. f4 Ra3 45. Kh3 Rc3 46. Kg4 Kh6 47.
Rb6+ Kg7 48. f5 Rd3 49. Kf4 Rd4+ 50. Kg5 Rd3 51. g4 Kh8 52. Rb7 Rd8 53. Kh6 Kg8 54.
g5 Kf8 55. f6 Kg8 56. g6 1-0

[Event "*** Titled Tuesday Blitz"]
[Site "Chess.com"]
[Date "2018.09.04"]
[Round "2"]
[White "arna"]
[Black "Karina_Oparina"]
[Result "1-0"]
[WhiteElo "2079"]
[BlackElo "2176"]
[TimeControl "180+2"]
[EndTime "13:57:02 PDT"]
[Termination "arna won by checkmate"]

1. e4 e5 2. Nf3 Nc6 3. Nc3 Nf6 4. Be2 Bc5 5. Nxe5 Nxe5 6. d4 Bb4 7. dxe5 Nxe4 8. Qd4 Nxc3 9. bxc3 Be7 10. Bf4 O-O 11.
Rd1 b6 12. O-O Bc5 13. Qe4 Rb8 14. Qd3 Qe7 15. Bf3 a5 16. Be4 Qh4 17. Bg3 Qh5 18.
h3 h6 19. Kh2 a4 20. f4 d6 21. f5 dxe5 22. Bxe5 f6 23. Bxc7 Rb7 24. Bxb7 Bxb7 25. Qg3 Qf7 26. Bd6 a3 27. Bxc5 bxc5 28. Rd6 Qxa2 29. Rd7 Rf7 30. Qc7 Rxd7 31. Qxd7 Qf7 32. Qxf7+ Kxf7 33. Ra1 Be4 34. g4 Bxc2 35. Rxa3 c4 36.
Kg3 h5 37. Ra7+ Kg8 38. Rc7 Bd3 39. Kf4 hxg4 40. hxg4 Kh7 41. g5 fxg5+ 42. Kxg5 Kh8 43. Kg6 Be2 44. Rc8# 1-0

[Event "*** Titled Tuesday Blitz"]
[Site "Chess.com"]
[Date "2018.09.04"]
[Round "2"]
[White "nihalsarin"]
[Black "Oneofmyturns"]
[Result "1-0"]
[WhiteElo "2861"]
[BlackElo "2596"]
[TimeControl "180+2"]
[EndTime "13:57:04 PDT"]
[Termination "nihalsarin won by resignation"]

1. d4 Nf6 2. c4 g6 3. Nc3 d5 4. Bg5 Bg7 5. Bxf6 Bxf6 6. cxd5 c6 7. e4 cxd5 8. Bb5+ Bd7 9. Bxd7+ Qxd7 10. Nxd5 Bg7 11.
Nf3 Nc6 12. Qa4 e6 13. Nc3 Bxd4 14. O-O-O O-O-O 15. Nxd4 Nxd4 16. Qxa7 Qd6 17. Kb1 Qe5 18. f4 Nc6 19. Qf2 Qa5 20. e5 Nb4 21. a3 Nd5 22.
Ne4 Kb8 23. g3 Rd7 24. Rc1 Rc8 25. Rxc8+ Kxc8 26. Rc1+ Kb8 27. Nd6 Rc7 28. Rxc7 Nxc7 29. Nxf7 Qd5 30. Qc2 Qh1+ 31. Ka2 Qd5+ 32. Qb3 Qd2 33. Nd6 Qg2 34. Nb5 Nd5 35. Nd4 Qxh2 36. Nxe6 Qd2 37. Nc5 b6 38. Ne4 Qd4 39. Nc3 Nc7 40. Nb5 Nxb5 41. Qxb5 Kc7 42. Qb3 Qe4 43. Qf7+ Kc6 44. Qe6+ Kb5 45. Qd7+ Ka6 46. e6 Qc4+ 47. Kb1 Qe4+ 48. Kc1 Qe3+ 49. Kc2 Qe2+ 50. Kb3 Qf3+ 51. Ka2 1-0

[Event "*** Titled Tuesday Blitz"]
[Site "Chess.com"]
[Date "2018.09.04"]
[Round "2"]
[White "Faqade"]
[Black "Smashyou104"]
[Result "1-0"]
[WhiteElo "2488"]
[BlackElo "2447"]
[TimeControl "180+2"]
[EndTime "13:57:10 PDT"]
[Termination "Faqade won by checkmate"]

1. e4 c6 2. Nf3 d5 3. d3 Bg4 4. h3 Bh5 5. Nbd2 e6 6. b3 Be7 7. Bb2 Bf6 8. e5 Be7 9. c4 Nd7 10. d4 dxc4 11. Nxc4 Nb6 12. Be2 Bb4+ 13. Kf1 Nxc4 14. bxc4 Ne7 15. Qb3 Ba5 16. Kg1 O-O 17.
Kh2 Qd7 18. Rhd1 Bc7 19. Kg1 b6 20. Rac1 Rfd8 21. a4 h6 22. Ba3 Ng6 23. Qe3 Ne7 24. Qf4 Bg6 25. Rd2 Bf5 26. Rcd1 Bh7 27. Rc1 Ng6 28.
Qe3 Ne7 29. Bd1 Nf5 30. Qf4 g5 31. Qg4 Ng7 32. Bc2 Bxc2 33. Rcxc2 c5 34. dxc5 Qxa4 35. cxb6 Bxb6 36. Be7 Rxd2 37. Rxd2 Rc8 38. c5 Qa1+ 39. Kh2 Ba5 40. Rc2 Qd1 41. Ra2 Bc3 42. Bf6 Qd5 43.
Rxa7 Nf5 44. Qh5 Rf8 45. c6 Qxc6 46. Nxg5 Qc5 47. Nxf7 Bxe5+ 48. Bxe5 Ng7 49. Nxh6+ Kh8 50. Nf7+ Kg8 51. Qh8# 1-0

[Event "*** Titled Tuesday Blitz"]
[Site "Chess.com"]
[Date "2018.09.04"]
[Round "2"]
[White "Divertissement"]
[Black "dretch"]
[Result "1/2-1/2"]
[WhiteElo "2541"]
[BlackElo "2750"]
[TimeControl "180+2"]
[EndTime "13:57:13 PDT"]
[Termination "Game drawn by agreement"]

1. d4 d5 2. Nf3 Nf6 3. c4 c6 4. Nbd2 Bf5 5. Qb3 Qb6 6. Nh4 Be6 7. e3 g6 8. Be2 Bg7 9. Qa3 Qc7 10. O-O O-O 11. Nhf3 Nbd7 12. Qxe7 Rfd8 13. Qa3 c5 14.
b3 Ne4 15. cxd5 Bxd5 16. Nxe4 Bxe4 17. Bb2 Bf8 18. Rac1 Qb6 19. Qa4 Qf6 20. Ba1 Qf5 21.
Rfd1 a6 22. Qa5 b5 23. dxc5 Bxc5 24. Qc3 f6 25. Nd4 Qg5 26. f3 Bd5 27. e4 Bf7 28.
b4 Bb6 29. Kh1 Ne5 30. Nc6 Re8 31. Nxe5 fxe5 32. a3 Be3 33. Rb1 Rac8 34. Qe1 Rc2 35. Rb2 Rec8 36. Rxc2 Rxc2 37. Bf1 Bc4 38. Qg3 Qxg3 39.
hxg3 Bxf1 40. Rxf1 Bd4 41. Bxd4 exd4 42. Rd1 Rc4 43.
Kg1 Kf7 44. Kf2 Ke6 45. f4 Kd6 46. Rd3 a5 47. bxa5 Ra4 48. Kf3 Kc5 49. g4 Rxa5 50. e5 Kd5 51. e6 Kxe6 52. Ke4 Ra4 53. Rb3 h6 54. Rxb5 d3+ 55. Kxd3 Rxa3+ 56. Ke4 Rg3 57. Rb6+ 1/2-1/2

[Event "*** Titled Tuesday Blitz"]
[Site "Chess.com"]
[Date "2018.09.04"]
[Round "2"]
[White "Blagorod"]
[Black "indfraeng"]
[Result "1/2-1/2"]
[WhiteElo "1996"]
[BlackElo "1957"]
[TimeControl "180+2"]
[EndTime "13:57:20 PDT"]
[Termination "Game drawn by repetition"]

1. e4 e5 2. Nf3 Nf6 3. Nxe5 d6 4. Nf3 Nxe4 5. d4 d5 6. Bd3 Bf5 7.
O-O Be7 8. Re1 O-O 9. c4 Nd6 10.
cxd5 Nd7 11. Nc3 Nb6 12. Bf4 Bxd3 13. Qxd3 Bf6 14. Re2 Qd7 15. Ne5 Qf5 16. Qxf5 Nxf5 17. Nf3 Rab8 18. Bxc7 Rbc8 19. d6 Nxd4 20. Nxd4 Bxd4 21. Re7 Bf6 22. Re2 Nc4 23. Rae1 Nxb2 24. Nd5 Nd3 25. Nxf6+ gxf6 26. Rd1 Ne5 27. d7 Rxc7 28.
d8=Q Rxd8 29. Rxd8+ Kg7 30. h3 b5 31. Rb8 Rc5 32.
Rb2 a6 33. Ra8 Rc6 34. a4 bxa4 35. Ra2 Nd3 36. Rxa4 Rc1+ 37. Kh2 Nxf2 38. R4xa6 Rh1+ 39. Kg3 Ne4+ 40. Kf3 Ng5+ 41. Kf2 Ne4+ 42. Ke2 Rg1 43. Kf3 Ng5+ 44. Kf2 Rb1 45. Re8 Rb2+ 46. Kg3 Rb3+ 47. Kh2 Rb2 48. Re7 h5 49. h4 Nf3+ 50. Kg3 Nd4 51. Rc7 Nf5+ 52. Kh3 Rb3+ 53. Kh2 Nxh4 54. Raa7 Nf5 55. Rxf7+ Kg6 56. Rf8 h4 57. Rg8+ Kh6 58. Ra5 Ng3 59. Rh8+ Kg6 60. Rxh4 Nf1+ 61. Kg1 Ne3 62.
Rh3 Rb1+ 63. Kf2 Ng4+ 64. Kg3 f5 65. Kf3 Rb3+ 66. Ke2 Rb2+ 67. Kf1 Rb1+ 68. Ke2 Rb2+ 69. Kf1 Rb1+ 70. Ke2 Rb2+ 71. Kf1 Rb1+ 72. Ke2 Rb2+ 1/2-1/2

[Event "*** Titled Tuesday Blitz"]
[Site "Chess.com"]
[Date "2018.09.04"]
[Round "2"]
[White "LordIron"]
[Black "Po6Don"]
[Result "1-0"]
[WhiteElo "2247"]
[BlackElo "2095"]
[TimeControl "180+2"]
[EndTime "13:57:26 PDT"]
[Termination "LordIron won on time"]

1. d4 d5 2. Nf3 Nc6 3. c4 Bg4 4. cxd5 Bxf3 5. gxf3 Qxd5 6. e3 e5 7. Nc3 Bb4 8. Bd2 Bxc3 9. bxc3 Qd6 10. Rb1 O-O-O 11.
Qa4 Nge7 12. Qb5 b6 13. a4 f5 14. Be2 f4 15. Bf1 exd4 16. exd4 Nxd4 17. cxd4 Qxd4 18.
Qb4 Rhe8 19. Qxd4 Rxd4 20. Bh3+ Kb8 21. Rb2 Ng6+ 22. Kf1 Nh4 23. Rg1 Nxf3 24. Rxg7 Nxd2+ 25. Kg2 f3+ 26. Kg3 Rf8 27. Bd7 Ne4+ 28. Kh3 Rd2 29. Rxd2 Nxd2 30. Bc6 Nc4 31. Rxh7 Ne5 32. Bd5 c5 33. Be4 Rf7 34. Rh8+ Kc7 35. Kg3 Kd6 36. h4 c4 37. Rc8 Rg7+ 38. Kf4 Rf7+ 39. Ke3 a6 40. Kd4 b5 41. axb5 axb5 42. h5 Rd7 43. Ra8 b4 44. Ra6+ Ke7+ 45. Kxe5 b3 46. h6 c3 47. h7 Rd8 48. Ra7+ Rd7 49. Rxd7+ Kxd7 50. h8=Q Ke7 51. Qc8 1-0

[Event "*** Titled Tuesday Blitz"]
[Site "Chess.com"]
[Date "2018.09.04"]
[Round "2"]
[White "XDPS"]
[Black "Sanan_Sjugirov"]
[Result "0-1"]
[WhiteElo "2584"]
[BlackElo "2880"]
[TimeControl "180+2"]
[EndTime "13:57:27 PDT"]
[Termination "Sanan_Sjugirov won by resignation"]

1. d4 Nf6 2. Bf4 e6 3. Nf3 c5 4. e3 cxd4 5. exd4 b6 6. Bd3 Bb7 7. O-O Be7 8. Re1 d6 9. c4 O-O 10. Nc3 Nbd7 11. Rc1 a6 12. h3 Rc8 13. Bh2 Re8 14.
Bf1 Nf8 15. d5 e5 16. a4 a5 17. Nd2 N8d7 18. Rb1 Nc5 19. b4 axb4 20. Rxb4 Nfd7 21.
Qb1 Ra8 22. Nde4 Nxe4 23. Nxe4 g6 24. Nc3 Ba6 25. Qb2 Qc7 26. Ra1 Bf8 27. Nb5 Bxb5 28. Rxb5 e4 29. Ra2 e3 30. fxe3 Rxe3 31. Qd2 Ree8 32. a5 bxa5 33. Raxa5 Bg7 34. Bg3 Bd4+ 35. Kh2 Be5 36. Bxe5 Nxe5 37. Rxa8 Rxa8 38. Qd4 Nd7 39. Qb2 Nc5 40. Be2 Qe7 41. Bf3 Re8 42. Rb8 Rxb8 43. Qxb8+ Kg7 44. Qb2+ Qf6 45. Qc2 Qf4+ 46. Kh1 Qd4 47. Qe2 Qf6 48. Qc2 h5 49. Qe2 h4 50.
Qe1 Qd4 51. Qe2 Nd3 52. Kh2 Qf4+ 53. Kh1 Ne5 54. Qe4 Qxe4 55. Bxe4 Nxc4 56. Kh2 Kf6 57. g3 Ke5 58. Bg2 Ne3 59. Bf3 Nf1+ 0-1

[Event "*** Titled Tuesday Blitz"]
[Site "Chess.com"]
[Date "2018.09.04"]
[Round "2"]
[White "area_5"]
[Black "Msb2"]
[Result "0-1"]
[WhiteElo "2579"]
[BlackElo "2852"]
[TimeControl "180+2"]
[EndTime "13:57:27 PDT"]
[Termination "Msb2 won by resignation"]

1. e4 c6 2. d4 d5 3. Nc3 dxe4 4. Nxe4 Bf5 5. Ng3 Bg6 6. Nh3 Nf6 7. Nf4 Nbd7 8. h4 e5 9. dxe5 Qa5+ 10. c3 Qxe5+ 11.
Qe2 Bc5 12. h5 Bc2 13. h6 g6 14. b4 Bb6 15. Kd2 Be4 16. Nd3 Bxd3 17. Kxd3 O-O-O 18. Kc2 Qd6 19. Bg5 Rhe8 20. Qf3 Qe5 21. Bf4 Qd5 22.
a4 Qxf3 23. gxf3 Bxf2 24. Bc4 g5 25. Bd6 Nb6 26. Bxf7 Rxd6 27. Bxe8 Bxg3 28. Bf7 Nbd5 29. Kb3 Kc7 30. Rad1 Ne3 31. Rxd6 Kxd6 32. Rg1 Bf4 33. Bc4 Nxc4 34. Kxc4 Nd5 35. Kd3 Ne7 36. c4 Nf5 37. Re1 Nxh6 38. Rh1 g4 39. fxg4 Ke5 40. Rh5+ Kf6 41.
Ke4 Bg5 42. Kf3 Kg6 43. Rh1 Nf7 44. Ke4 Nd6+ 45. Kd3 Bf6 46. c5 Nf7 47. Ke4 Ng5+ 48. Kf4 Bc3 49. Rb1 Ne6+ 50. Ke4 Kg5 51. Kd3 Bf6 52. Kc4 Kxg4 53. b5 h5 54. bxc6 bxc6 55.
Rb7 h4 56. Rxa7 h3 57. Rh7 Bh4 58. Rf7 h2 59. Rf1 Bf2 60. Rh1 Kg3 61. a5 Bxc5 62. a6 Kg2 63. Re1 h1=Q 64. Rxh1 Kxh1 65. Kd3 Ba7 66.
Ke4 Nc7 67. Ke5 Nxa6 68. Kd6 c5 69. Kc6 c4 0-1

[Event "*** Titled Tuesday Blitz"]
[Site "Chess.com"]
[Date "2018.09.04"]
[Round "2"]
[White "bugsbunny444"]
[Black "ddtru"]
[Result "1/2-1/2"]
[WhiteElo "2419"]
[BlackElo "2306"]
[TimeControl "180+2"]
[EndTime "13:57:27 PDT"]
[Termination "Game drawn by agreement"]

1. Nf3 Nf6 2. c4 e6 3. g3 b6 4. Bg2 Bb7 5. O-O Be7 6. b3 O-O 7. Bb2 c5 8. Nc3 d6 9. e3 Nbd7 10. d4 cxd4 11. Nxd4 Bxg2 12. Kxg2 Qc8 13. f4 Qb7+ 14. Qf3 Qxf3+ 15. Kxf3 a6 16. Nc6 Bd8 17. Rfd1 Bc7 18. g4 h6 19. h4 g5 20. hxg5 hxg5 21.
Rh1 Rfe8 22. Ne4 e5 23. Nxg5 Kg7 24. Rh3 Rh8 25. Rah1 Rxh3+ 26. Rxh3 Re8 27. Ne4 Nxe4 28.
Kxe4 Nc5+ 29. Kf5 Nd3 30. Bc3 Re6 31. g5 b5 32. Nb4 Nf2 33. Rh2 Nd1 34. Bd2 bxc4 35.
bxc4 Ba5 36. Nd5 Bxd2 37. Rxd2 exf4 38. exf4 Ne3+ 39. Nxe3 Rxe3 40. Rxd6 Ra3 41. Rd7 Ra5+ 42. Ke4 Rxa2 43. f5 Kf8 44. Ra7 Rg2 45. f6 Ke8 46.
Rxa6 Rxg5 47. Ra7 Rc5 48. Kd4 Rc6 49. Ke5 Rxc4 50. Ra8+ Kd7 51. Ra7+ Ke8 52. Ra8+ Kd7 53. Rf8 Rc5+ 54. Kd4 Rf5 55. Rxf7+ Ke6 1/2-1/2

[Event "*** Titled Tuesday Blitz"]
[Site "Chess.com"]
[Date "2018.09.04"]
[Round "2"]
[White "335394862"]
[Black "tigra"]
[Result "0-1"]
[WhiteElo "2330"]
[BlackElo "2690"]
[TimeControl "180+2"]
[EndTime "13:57:29 PDT"]
[Termination "tigra won by checkmate"]

1. e4 e6 2. d4 d5 3. Nd2 Be7 4. c3 c5 5. dxc5 Nf6 6. Bd3 O-O 7. Ngf3 a5 8. Qe2 Na6 9. O-O Nxc5 10. Bc2 Nfxe4 11. Nxe4 Nxe4 12. Bxe4 dxe4 13. Qxe4 f6 14. Be3 e5 15. Qc4+ Kh8 16. Rad1 Qe8 17. Rd2 b5 18. Qd5 Bf5 19. Rfd1 Rd8 20. Qb7 Rb8 21. Qa7 b4 22.
Qxa5 bxc3 23. bxc3 Ra8 24. Qd5 Qc8 25. Qb3 Be6 26.
Qb6 Rxa2 27. h3 Ra6 28. Qb2 Rc6 29. Rc1 Rc4 30. Rdd1 Qc6 31. Nd2 Ra4 32. Ra1 Rfa8 33. Rxa4 Qxa4 34. Rc1 Ba3 35. Qb1 Bxc1 36. Qxc1 Qa1 37.
Qxa1 Rxa1+ 38. Kh2 Ra3 39. c4 Rc3 40. c5 Bd5 41. Kg1 Kg8 42. Kf1 Kf7 43. Ke2 Ke6 44. f3 Bc4+ 45. Nxc4 Rxc4 46. Kd3 Kd5 47. Bf2 f5 48. Ke2 Rxc5 49. Bxc5 Kxc5 50. Ke3 Kd5 51. Kd3 f4 52. Ke2 Kd4 53. Kd2 g5 54. Ke2 Kc3 55. Kf2 Kd2 56. g3 h6 57. h4 Kd3 58. hxg5 hxg5 59.
Kg2 Ke2 60. g4 e4 61. Kh1 exf3 62. Kg1 f2+ 63. Kh2 Kf3 64. Kh3 f1=Q+ 65. Kh2 Qg2# 0-1

[Event "*** Titled Tuesday Blitz"]
[Site "Chess.com"]
[Date "2018.09.04"]
[Round "2"]
[White "RiskyDecision"]
[Black "rasmussvane"]
[Result "0-1"]
[WhiteElo "2494"]
[BlackElo "2693"]
[TimeControl "180+2"]
[EndTime "13:57:32 PDT"]
[Termination "rasmussvane won by checkmate"]

1. d4 Nf6 2. Bg5 d5 3. e3 Ne4 4. Bf4 c5 5. Bd3 cxd4 6. exd4 Nc6 7. Bxe4 dxe4 8. d5 e5 9. Bg3 Ne7 10. Nc3 f6 11. Qd2 Bf5 12. O-O-O Nc8 13. f3 exf3 14. Nxf3 Bb4 15. a3 Bxc3 16. Qxc3 Nd6 17. Nxe5 Rc8 18.
Nc6 Qd7 19. Rhe1+ Kf7 20. Qb3 Rhe8 21. Nd4 Bg4 22. Rxe8 Rxe8 23. Re1 Re4 24. Rxe4 Nxe4 25. d6+ Be6 26. Qb4 Nxg3 27. hxg3 b6 28. Nb5 Bd5 29.
Nc7 Bxg2 30. Qc4+ Kg6 31. Qd4 h5 32. b3 Bh3 33. Qd3+ Bf5 34. Qd4 Qc6 35. Qd2 a5 36. a4 Qd7 37. Nb5 Qc6 38. Kb2 Bd7 39. Qd3+ Kh6 40.
Qd2+ Kg6 41. c4 Qe4 42. Nc3 Qe5 43. Ka2 Qxg3 44. Ne4 Qe5 45. Nc3 h4 46. Qg2+ Kf7 47. Qd2 h3 48. Nd1 h2 49. Nf2 Qg3 50. Qd5+ Be6 51. Qd4 Qxf2+ 52. Qxf2 h1=Q 53. Qxb6 Qg2+ 54. Ka3 Qd2 55. Qc7+ Kg6 56. Qe7 Bf5 57. c5 Qc1+ 58. Ka2 Qb1+ 59. Ka3 Qa1# 0-1

[Event "*** Titled Tuesday Blitz"]
[Site "Chess.com"]
[Date "2018.09.04"]
[Round "2"]
[White "Anton_Demchenko"]
[Black "LawrenceTrent"]
[Result "1-0"]
[WhiteElo "2770"]
[BlackElo "2538"]
[TimeControl "180+2"]
[EndTime "13:57:37 PDT"]
[Termination "Anton_Demchenko won by resignation"]

1. e4 e5 2. Nf3 Nc6 3. Bc4 Nf6 4. d3 h6 5. O-O d6 6. c3 g6 7. Re1 Bg7 8. d4 O-O 9. dxe5 Nxe5 10. Nxe5 dxe5 11.
f3 Qe7 12. Be3 Be6 13. Qb3 Bxc4 14. Qxc4 Rfe8 15. Na3 a6 16. Rad1 Rac8 17. Nc2 Qe6 18. Qxe6 Rxe6 19. Nb4 c6 20. Nd3 Bf8 21. Nc5 Bxc5 22.
Bxc5 Ree8 23. Rd6 Kg7 24. Red1 g5 25. Bb6 Re7 26. Bd8 Re6 27. Rxe6 fxe6 28. Kf2 Nd5 29. Ba5 Nf6 30. c4 Kf7 31. Bc3 b5 32. Bxe5 bxc4 33. Ke2 Ke7 34. Bd6+ Kf7 35. Rc1 Rd8 36. Ba3 Nh5 37.
g3 g4 38. Rxc4 gxf3+ 39. Kxf3 Nf6 40. Rxc6 Rd4 41. Rxa6 Rxe4 42. Rc6 Re1 43. Rc2 Nd5 44. Re2 Ra1 45. b4 Rb1 46. Rb2 Rc1 47. Rb3 Rc2 48. h3 Rxa2 49. b5 Ke8 50. Bc5 Kd7 51. b6 Nxb6 52.
Bxb6 Kc6 53. Be3 Kd5 54. Rb5+ Kd6 55. Rh5 1-0

[Event "*** Titled Tuesday Blitz"]
[Site "Chess.com"]
[Date "2018.09.04"]
[Round "2"]
[White "Samuray111"]
[Black "VeraNebolsina"]
[Result "0-1"]
[WhiteElo "2592"]
[BlackElo "2405"]
[TimeControl "180+2"]
[EndTime "13:57:42 PDT"]
[Termination "VeraNebolsina won on time"]

1. e4 c5 2. Nf3 d6 3. d4 cxd4 4.
Nxd4 Nf6 5. Nc3 a6 6. h3 e5 7.
Nde2 h5 8. Bg5 Be7 9. Ng3 h4 10. Nf5 Bxf5 11. exf5 Nc6 12. Bc4 d5 13. Bxf6 dxc4 14.
Bxg7 Rg8 15. f6 Bxf6 16. Bxf6 Qxf6 17. Nd5 Qd6 18. O-O Nd4 19. Ne3 e4 20. Kh1 O-O-O 21. c3 Nc6 22. Qxd6 Rxd6 23. Nxc4 Rdg6 24. Ne3 Ne5 25.
Rad1 Nd3 26. f3 f5 27. Nxf5 Rxg2 28. Ne7+ Kc7 29. Nxg8 Rxb2 30. fxe4 Nf2+ 31. Rxf2 Rxf2 32. Ne7 Rxa2 33. Nf5 Re2 34. Nxh4 Rxe4 35. Nf5 Rc4 36. Rc1 b5 37. Ne3 Re4 38. Ng4 a5 39. Kg2 a4 40. Kf3 Rc4 41. Ne3 Rh4 42. Kg3 Re4 43.
Kf3 Rh4 44. Rh1 a3 45. Kg3 Ra4 46. h4 a2 47. Nc2 Rc4 48. Nb4 Rxc3+ 49. Kf2 Ra3 50. Ra1 Rb3 51. Nxa2 Rh3 52. Rb1 Rh2+ 53. Kg3 Rxa2 54. Rxb5 Kd7 55. Re5 Kd6 0-1

[Event "*** Titled Tuesday Blitz"]
[Site "Chess.com"]
[Date "2018.09.04"]
[Round "2"]
[White "ozates"]
[Black "The_Jagermeister"]
[Result "1-0"]
[WhiteElo "2374"]
[BlackElo "2482"]
[TimeControl "180+2"]
[EndTime "13:57:45 PDT"]
[Termination "ozates won by resignation"]

1. e4 e6 2. Nc3 d5 3. d4 Nf6 4. e5 Nfd7 5. f4 c5 6. Nf3 Nc6 7. Be3 a6 8. Qd2 b5 9. O-O-O c4 10. f5 b4 11. fxe6 fxe6 12. Nb1 Qa5 13. Qf2 Be7 14. Bg5 O-O 15. Qh4 Qd8 16. Be2 h6 17. Bxe7 Nxe7 18.
g3 Ra7 19. a3 a5 20. Qh3 Nb6 21. Nh4 Na4 22. Rhf1 Rxf1 23. Rxf1 c3 24. b3 bxa3 25. Nxa3 Qb6 26. Nb5 Nb2 27. Nxa7 Qxa7 28. Qg4 a4 29.
Qf4 Nf5 30. Nxf5 exf5 31. b4 a3 32. Kb1 a2+ 33. Ka1 Qa3 34. Qc1 Qxb4 35. Bf3 Be6 36. Re1 Qxd4 37. h3 Qb4 38. g4 fxg4 39. Bxg4 Bxg4 40.
hxg4 Nc4 41. e6 Nd6 42. g5 hxg5 43. e7 Kf7 44. Kxa2 Qc4+ 45. Ka1 Ke8 46. Qa3 Qc6 47. Re6 Nb5 48. Rxc6 Nxa3 49. Rxc3 Nc4 50. Rg3 Kxe7 51. Rxg5 Kd6 52. Rxg7 Kc5 53. Kb1 Kd4 54. Rg4+ Kc3 55. Rg3+ Kb4 56. Rb3+ Kc5 57. Rd3 d4 58. c3 Ne5 59. cxd4+ Kc4 60. dxe5 1-0

[Event "*** Titled Tuesday Blitz"]
[Site "Chess.com"]
[Date "2018.09.04"]
[Round "2"]
[White "Alopekos"]
[Black "JoachimMouhamad"]
[Result "0-1"]
[WhiteElo "2421"]
[BlackElo "2406"]
[TimeControl "180+2"]
[EndTime "13:57:56 PDT"]
[Termination "JoachimMouhamad won on time"]

1. e4 e5 2. Nf3 Nc6 3. Bb5 Nf6 4. d3 Bc5 5. O-O d6 6. c3 Bb6 7. a4 a6 8. Bc4 O-O 9. b4 Ne7 10. a5 Ba7 11. Bg5 Ng6 12. Nh4 Nf4 13. Qf3 c6 14. Bxf4 exf4 15. Qxf4 Nh5 16. Qf3 Qxh4 17. g3 Qh3 18. d4 Bg4 19. Qe3 Rae8 20. Re1 d5 21. Bf1 Rxe4 22. Qxe4 Qxf1+ 23. Kxf1 dxe4 24. Rxe4 Nf6 25. Re7 Bb8 26. Nd2 Bc8 27. c4 Bd6 28. Re2 Bxb4 29. Nb3 Bg4 30. Re3 Be6 31. Rc1 Rd8 32. f3 h5 33. Kf2 g6 34. Re2 Kg7 35. Rec2 Ba3 36. Ra1 Bb4 37. Ra4 Be7 38. Ra1 Rd7 39.
Rac1 Rd8 40. Ra1 g5 41. Re1 g4 42. d5 cxd5 43. cxd5 Rxd5 44. Rd2 Rxd2+ 45. Nxd2 Bc5+ 46.
Ke2 Nd5 47. fxg4 hxg4 48. Ne4 Bb4 49. Rc1 Bxa5 50. Nc5 Bc8 51. Nb3 Nc3+ 52. Kd3 Bf5+ 53. Ke3 Bb6+ 54. Kd2 Nd5 55. Rf1 Bg6 0-1